Map: Romanticide LE

Players

Krystianer - Winner!

  • Race: Protoss Protoss
  • League: Grandmaster
  • Spawn Location: 5:00

SKillous

  • Race: Protoss Protoss
  • League: Grandmaster
  • Spawn Location: 11:00

Event: DreamHack SC2 Masters 2020 Winter

VOD

Have the link to the VOD?

Description

Time

  • Played on: Oct. 31, 2020, 12:04 p.m.
  • Length: 5:48

All games in this series

Show
View Real Time Build Order
Export as new Build Order

Krystianer Protoss - Winner!

Build Orders: Oracle Opening 

Get SALT Encoding   

  12  0:00  Probe  
  13  0:12  Probe  
  14  0:16  Pylon  
  14  0:24  Probe (Chrono Boost)  
  16  0:36  Probe (Chrono Boost)  
  16  0:38  Gateway  
  16  0:42  Probe (Chrono Boost)  
  16  0:45  Assimilator  
  17  0:50  Probe  
  17  0:54  Assimilator  
  18  1:02  Probe (Chrono Boost)  
  19  1:06  Gateway  
  20  1:12  Probe (Chrono Boost)  
  20  1:17  Probe (Chrono Boost)  
  20  1:25  Cybernetics Core  
  21  1:29  Probe  
  22  1:33  Pylon  
  22  1:41  Probe  
  23  1:53  Probe  
  24  2:01  Stalker  
  24  2:02  Stalker, Warp Gate  
  24  2:05  Probe  
  29  2:12  Pylon  
  29  2:24  Stargate  
  29  2:45  Nexus  
  29  2:53  Stalker  
  31  3:00  Stalker  
  33  3:07  Oracle (Chrono Boost)  
  36  3:19  Probe  
  37  3:23  Pylon  
  37  3:27  Shield Battery  
  37  3:39  Oracle (Chrono Boost)  
  37  3:42  Probe  
  41  3:52  Adept x2  
  45  3:56  Probe (Chrono Boost)  
  45  4:00  Probe (Chrono Boost)  
  46  4:08  Probe (Chrono Boost)  
  47  4:15  Probe (Chrono Boost)  
  49  4:17  Stalker  
  49  4:19  Stalker  
  49  4:22  Probe  
  53  4:27  Probe  
  54  4:34  Probe  
  55  4:40  Probe  
  56  4:46  Probe (Chrono Boost)  
  56  4:51  Stalker, Twilight Council  
  59  4:55  Probe (Chrono Boost)  
  59  4:58  Probe (Chrono Boost)  
  58  5:07  Probe (Chrono Boost)  
  58  5:08  Probe (Chrono Boost)  
  58  5:11  Stalker  
  58  5:18  Stalker  
  58  5:21  Shield Battery  
  60  5:28  Probe (Chrono Boost)  
  55  5:29  Probe (Chrono Boost)  
  55  5:35  Stalker  
Show
View Real Time Build Order
Export as new Build Order

SKillous Protoss 

Build Orders: Oracle Opening 

Get SALT Encoding   

  12  0:00  Probe  
  13  0:13  Probe  
  14  0:18  Pylon  
  14  0:25  Probe (Chrono Boost)  
  15  0:37  Probe (Chrono Boost)  
  15  0:39  Gateway  
  16  0:45  Probe (Chrono Boost)  
  16  0:46  Assimilator  
  17  0:51  Probe  
  17  0:54  Assimilator  
  18  1:03  Probe (Chrono Boost)  
  19  1:12  Gateway, Probe (Chrono Boost)  
  19  1:18  Probe (Chrono Boost)  
  21  1:26  Cybernetics Core  
  21  1:29  Probe  
  22  1:34  Pylon  
  22  1:42  Probe  
  23  1:54  Probe  
  24  2:02  Stalker x2  
  24  2:03  Warp Gate  
  28  2:13  Pylon  
  28  2:22  Pylon  
  28  2:32  Stalker x2  
  32  2:41  Stargate  
  32  3:00  Nexus  
  32  3:06  Shield Battery  
  32  3:09  Probe  
  33  3:21  Probe, Oracle (Chrono Boost)  
  37  3:29  Pylon  
  37  3:33  Probe  
  37  3:39  Shield Battery  
  37  3:45  Probe  
  38  3:52  Robotics Facility  
  38  3:54  Sentry  
  40  3:58  Probe (Chrono Boost)  
  41  4:06  Stalker  
  43  4:11  Probe (Chrono Boost)  
  43  4:14  Probe (Chrono Boost)  
  45  4:22  Probe (Chrono Boost)  
  47  4:24  Probe (Chrono Boost)  
  47  4:30  Probe (Chrono Boost)  
  49  4:33  Stalker  
  49  4:34  Stalker  
  49  4:36  Probe (Chrono Boost)  
  52  4:39  Probe  
  50  4:48  Probe  
  46  5:05  Stalker  
  37  5:17  Stalker  
  27  5:34  Probe (Chrono Boost)  
Tags
 
Add a new tag
Caveats
  • Supply blocks, unpowered buildings, or Contaminate may cause inaccurate times.
  • Supply counts are checked every 10 seconds.